 Dungeon Crawl Stone Soup version 0.25-a0-632-g7713895373 (webtiles) character file.

Game seed: 2641855717487611347, levelgen mode: classic

1403 EnegeticOcto the Slasher (level 8, -4/55 HPs)
             Began as an Octopode Fighter on Mar 19, 2020.
             Was a Believer of Okawaru.
             Slain by a sky beast (6 damage)
             ... on level 6 of the Dungeon.
             The game lasted 00:04:59 (6030 turns).

EnegeticOcto the Slasher (Octopode Fighter)         Turns: 6030, Time: 00:05:00

Health: -4/55      AC:  1    Str: 18    XL:     8   Next: 69%
Magic:  0/10       EV: 19    Int: 12    God:    Okawaru [**....]
Gold:   273        SH: 13    Dex: 15    Spells: 7/7 levels left

rFire    . . .     SeeInvis .   a - +1 long sword
rCold    . . .     Gourm    .   b - +1 kite shield
rNeg     . . .     Faith    .   (helmet restricted)
rPois    .         Spirit   +   q - amulet of guardian spirit
rElec    .         Reflect  .   (no ring)
rCorr    .         Harm     .   (no ring)
MR       .....                  (no ring)
Stlth    ++++......             (no ring)
HPRegen  0.18/turn              (no ring)
MPRegen  0.12/turn              (no ring)
                                (no ring)
                                (no ring)

@: heroism
A: almost no armour, stealthy swim, amphibious, 8 rings, constrict 8, antennae
1, camouflage 1, agile 1, clever 1, strong 1, gelatinous body 1
a: Heroism, Renounce Religion


You were on level 6 of the Dungeon.
You worshipped Okawaru.
Okawaru was pleased with you.
You were not hungry.

You visited 1 branch of the dungeon, and saw 6 of its levels.
You also visited: Ossuary.

You collected 273 gold pieces.

Inventory:

Hand Weapons
 a - a +1 long sword (weapon)
Missiles
 d - 3 boomerangs (quivered)
Armour
 b - a +1 kite shield (worn)
Jewellery
 o - a +2 amulet of reflection {unknown}
 q - an amulet of guardian spirit (around mantle)
Scrolls
 c - 2 scrolls of teleportation {@r2}
 s - 2 scrolls of remove curse {@r6}
 t - a scroll of fear
 u - a scroll of enchant weapon
Potions
 f - a potion of berserk rage
 g - 4 potions of curing {@q1}
 i - a potion of magic
 j - 2 potions of stabbing {@q5}
 k - 3 potions of might {@q3}
 n - a potion of haste {@q4}
 p - a potion of flight
Comestibles
 e - 11 rations
 h - 3 chunks of flesh


   Skills:
 + Level 5.1(10.1) Fighting
 * Level 6.5(11.5) Long Blades
 + Level 5.2(10.2) Dodging
 + Level 5.1(10.1) Shields
 + Level 3.9 Invocations


You had 7 spell levels left.
You didn't know any spells.
Your spell library was empty.

Dungeon Overview and Level Annotations

Branches:
Dungeon (6/15)             Temple (0/1) D:5         Ossuary (visited)

Altars:
Cheibriados
Fedhas
Makhleb
Okawaru
Wu Jian
Xom

Shops:
D:4 [


Innate Abilities, Weirdness & Mutations

You cannot wear most types of armour.
You are very stealthy in the water. (Stealth+)
You are amphibious.
You can wear up to eight rings at the same time.
You can use your tentacles to constrict eight enemies at once.
Your skin changes colour to match your surroundings (Stealth+).
Your rubbery body absorbs attacks. (AC +1, EV +1)
You have a pair of small antennae on your head.
You are agile. (Dex +2)
Your mind is acute. (Int +2)
Your muscles are strong. (Str +2)


Message History

You slash the killer bee zombie!
You destroy the killer bee zombie!
Okawaru accepts your kill.
No target in view!
No target in view!
No target in view!
No target in view!
No target in view!
No target in view!
No target in view!
No target in view!
No target in view!
No target in view!
HP restored.
You see here a scorpion corpse.
You butcher the ogre corpse.
h - 4 chunks of flesh
Things that are here:
a +0 giant club; an ogre skeleton
Things that are here:
a +0 giant club; an ogre skeleton Eating one of 4 chunks of flesh.
You eat one of the 4 chunks of flesh.
This raw flesh tastes terrible.
A sky beast comes into view.
The sky beast moves out of view.
Found a stone staircase leading up.
Found a stone staircase leading down.
No target in view!
No target in view!
No target in view!
No target in view!
No target in view!
No target in view!
No target in view!
No target in view!
The sky beast is too close now for your liking.
The sky beast flickers out of sight!
Deactivating autopickup; reactivate with Ctrl-A.
Something barely misses you.
Found a potion of berserk rage.
No target in view!
No target in view!
No target in view!
No target in view!
No target in view!
No target in view!
No target in view!
No target in view!
No target in view!
You miss something. Your squeeze misses something. Something hits you.
Something shocks you.
You barely miss something. You block something's attack.
You miss something. Your squeeze misses something. Something hits you.
Something shocks you.
You miss something. Your squeeze misses something. Something hits you.
Something shocks you. Something hits you. Something shocks you.
You slash something!
A sky beast appears from thin air!
Reactivating autopickup.
You block the sky beast's attack.
You closely miss the sky beast.
The sky beast is heavily wounded.
The sky beast hits you. The sky beast shocks you.
* * * LOW HITPOINT WARNING * * *
You barely miss the sky beast.
The sky beast is heavily wounded.
You block the sky beast's attack.
You gain the combat prowess of a mighty hero.
The sky beast hits you.
* * * LOW HITPOINT WARNING * * *
The sky beast shocks you.
* * * LOW HITPOINT WARNING * * *
You barely miss the sky beast. Your squeeze misses the sky beast.
The sky beast is heavily wounded.
The sky beast flickers out of sight!
Deactivating autopickup; reactivate with Ctrl-A.
Something hits you.
* * * LOW HITPOINT WARNING * * *
Something shocks you.
* * * LOW HITPOINT WARNING * * *
You feel much better. Something hits you.
* * * LOW HITPOINT WARNING * * *
Something shocks you.
* * * LOW HITPOINT WARNING * * *
You hit something but do no damage. Your squeeze misses something.
A sky beast appears from thin air!
Reactivating autopickup.
The sky beast closely misses you.
You hit the sky beast.
The sky beast is severely wounded.
The sky beast hits you.
* * * LOW HITPOINT WARNING * * *
The sky beast shocks you.
* * * LOW HITPOINT WARNING * * *
You hit the sky beast but do no damage.
You squeeze the sky beast, but do no damage.
The sky beast is severely wounded.
The sky beast hits you.
* * * LOW HITPOINT WARNING * * *
The sky beast shocks you.
You die...

#. #. .# #.#
....> ##.#.# ##
#..... .# #..#.#
!#
#####...<##.###.#
#.....#..@Y≈....#
#.# #....##.#####
#.# #..#.##.# #.#
#.......# #.#
##.#.####
########.####.#.#
.#............#.#
........#######.#
.######.........#


You could see a sky beast.

Vanquished Creatures
  A phantom (D:4)
  An ice beast (D:6)
  3 ogres
  A centaur (D:5)
  A scorpion (D:6)
  4 centaur zombies (Ossuary)
  A gnoll shaman (D:4)
  2 human zombies (Ossuary)
  An orc priest (D:4)
  4 orc wizards
  5 worker ants
  A killer bee zombie (D:6)
  A howler monkey zombie (D:5)
  2 mummies (Ossuary)
  8 adders
  11 gnolls
  2 shadow imps (D:5)
  An adder skeleton (D:5)
  A worm (D:2)
  2 dart slugs (D:1)
  A leopard gecko (D:5)
  12 orcs
  A ball python (D:1)
  4 giant cockroaches
  8 goblins
  8 hobgoblins
  8 jackals
  3 kobolds (D:2)
  A quokka (D:2)
  6 bats
  2 frilled lizards
  11 hobgoblin zombies (Ossuary)
  2 jackal zombies (Ossuary)
  11 kobold zombies (Ossuary)
  3 orc zombies (Ossuary)
  9 rats
  3 rat zombies (Ossuary)
146 creatures vanquished.

Notes
Turn   | Place    | Note
-------+----------+-------------------------------------------
     0 | D:1      | EnegeticOcto the Octopode Fighter began the quest for the
                  | Orb.
     0 | D:1      | Reached XP level 1. HP: 16/16 MP: 1/1
   164 | D:1      | Found a shimmering altar of Xom.
   166 | D:1      | Reached XP level 2. HP: 21/21 MP: 2/2
  1091 | D:2      | Reached XP level 3. HP: 20/26 MP: 0/3
  1717 | D:2      | Reached skill level 3 in Long Blades
  1824 | D:2      | Reached XP level 4. HP: 31/31 MP: 4/4
  2320 | D:3      | Found a blossoming altar of Fedhas.
  2321 | D:3      | Found a snail-covered altar of Cheibriados.
  2322 | D:3      | Found an ornate altar of the Wu Jian Council.
  2322 | D:3      | Found a burning altar of Makhleb.
  2322 | D:3      | Found an iron altar of Okawaru.
  2415 | D:3      | Became a worshipper of Warmaster Okawaru
  2882 | D:3      | Reached XP level 5. HP: 29/36 MP: 5/5
  3248 | D:4      | Found a sand-covered staircase.
  3255 | Ossuary  | Entered an ossuary
  3437 | Ossuary  | Reached skill level 1 in Invocations
  3444 | Ossuary  | Reached skill level 4 in Long Blades
  3444 | Ossuary  | Reached XP level 6. HP: 11/43 MP: 1/7
  3475 | Ossuary  | Reached * piety under Okawaru
  3896 | D:4      | Reached XP level 7. HP: 26/48 MP: 1/8
  4052 | D:4      | Found Zepun's Antique Armour Emporium.
  4608 | D:4      | Reached skill level 5 in Long Blades
  4907 | D:5      | Entered Level 5 of the Dungeon
  5091 | D:5      | Found a staircase to the Ecumenical Temple.
  5141 | D:5      | Reached XP level 8. HP: 54/54 MP: 10/10
  5456 | D:5      | Reached ** piety under Okawaru
  5595 | D:5      | Reached skill level 6 in Long Blades
  5652 | D:5      | Reached skill level 5 in Dodging
  5821 | D:5      | Gained mutation: You have a pair of small antennae on your
                  | head. [potion of mutation]
  5821 | D:5      | Gained mutation: You are agile. (Dex +2) [potion of
                  | mutation]
  5821 | D:5      | Gained mutation: Your muscles are strong. (Str +2) [potion
                  | of mutation]
  5821 | D:5      | Gained mutation: Your mind is acute. (Int +2) [potion of
                  | mutation]
  5858 | D:6      | Reached skill level 5 in Fighting
  5858 | D:6      | Reached skill level 5 in Shields
  6025 | D:6      | HP: 1/55 [something (5)]
  6030 | D:6      | HP: 2/55 [sky beast (1)]
  6030 | D:6      | Slain by a sky beast

Levels and vault maps discovered:
D:1:      minmay_arrival_four_circles, layout_basic, minmay_hexomino_r4
D:2:      layout_loops_corners, serial_park_tiny_pond, grunt_decor_mini_mirrors,
          minivault_4
D:3:      layout_basic, grunt_temple_overflow_open, first_ration
D:4:      layout_loops_ring, chequers_ossuary_entry_cave, serial_shops, shop
D:5:      layout_cave_pools, minmay_temple_entry_steel_oval
D:6:      layout_loops_ring, kennysheep_decorative_pillar, uniq_duvessa

Skill      XL: |  1  2  3  4  5  6  7  8 |
---------------+-------------------------+-----
Long Blades    | 3 4 5 6 |  6.5
Invocations    | 1 2 3 |  3.9
Dodging        | 4 5 |  5.2
Shields        | 4 5 |  5.1
Fighting       | 4 5 |  5.1

Action                   |  1- 3 |  4- 6 |  7- 9 || total
-------------------------+-------+-------+-------++-------
Melee: Long sword        |    55 |   138 |   112 ||   305
       Constrict         |    16 |    46 |    28 ||    90
       Tentacles         |    10 |    29 |    37 ||    76
       Punch             |       |     1 |     1 ||     2
Invok: Heroism           |       |     1 |     3 ||     4
Evoke: Wand              |       |     7 |       ||     7
  Use: Scroll            |       |    15 |     4 ||    19
       Potion            |       |     3 |     3 ||     6
 Stab: Sleeping          |     2 |     3 |     2 ||     7
       Distracted        |       |     1 |     1 ||     2
  Eat: Chunk             |     3 |     3 |     7 ||    13
       Ration            |       |     1 |       ||     1
Armor: Skin              |     4 |    10 |     3 ||    17
Dodge: Dodged            |    24 |    58 |    50 ||   132
Block: Kite shield       |    24 |    74 |    56 ||   154
       Rpst.: Long sword |     8 |    14 |    15 ||    37

Table legend:
 A = Non-vault XP
 B = Vault XP
 C = Vault XP percentage of total XP
 D = Non-vault monster count
 E = Vault monster count
 F = Vault count percentage of total count
                 A         B        C        D         E       F
            +---------+---------+-------+---------+---------+-------
      Total |    1664 |     341 |  17.0 |     104 |      42 |  28.8
            +---------+---------+-------+---------+---------+-------
        D:1 |      24 |       6 |  20.0 |      12 |       4 |  25.0
        D:2 |      71 |       0 |   0.0 |      26 |       0 |   0.0
        D:3 |      68 |       0 |   0.0 |       9 |       0 |   0.0
        D:4 |     468 |       0 |   0.0 |      25 |       0 |   0.0
        D:5 |     660 |       0 |   0.0 |      27 |       0 |   0.0
        D:6 |     373 |       0 |   0.0 |       5 |       0 |   0.0
    Ossuary |       0 |     335 | 100.0 |       0 |      38 | 100.0
            +---------+---------+-------+---------+---------+-------
